 Dungeon Crawl Stone Soup version 0.28.0-1-gb440e238dd (webtiles) character file.

Game seed: 17362424297473427192

20860 spaghetti the Prestidigitator (level 12, 40/106 HPs)
             Began as a Deep Dwarf Hunter on Feb 19, 2022.
             Was a Priest of Ashenzari.
             Quit the game on level 11 of the Dungeon.
             The game lasted 01:01:24 (12119 turns).

spaghetti the Prestidigitator (Deep Dwarf Hunter)  Turns: 12119, Time: 01:01:25

Health: 40/106     AC: 13    Str: 22    XL:     12   Next: 49%
Magic:  7/7        EV: 19    Int: 11    God:    Ashenzari [***...]
Gold:   200        SH:  0    Dex: 15    Spells: 11/11 levels left

rFire   . . .      SeeInvis +   b - +3 rapier (venom)
rCold   + + +      Faith    .   (no shield)
rNeg    . . .      Spirit   .   B - +2 leather armour of Ashenzari's Vision {Contam rC+++ rCorr Str+4, Melee, Self} (curse)
rPois   .          Reflect  .   x - +0 helmet
rElec   .          Harm     .   (no cloak)
rCorr   +          Rampage  .   e - +2 pair of gloves "Harvest Moon of the Sky" {Melee, Alch} (curse)
Will    ++...      Clarity  +   k - +0 pair of boots of Panopticon {Evo, Cun} (curse)
Stlth   +++++.....              (no amulet)
HPRegen 0.00/turn               q - ring of Supernal Wisdom {rCorr, Range, Fort} (curse)
MPRegen 0.10/turn               l - ring "Ruined Fetters" {Will+, Evo, Range} (curse)

@: no status effects
A: damage resistance, heal wounds, sense surroundings 2, no regeneration, dopey
1
a: Heal Wounds, Renounce Religion, Curse Item, Shatter the Chains


You were on level 11 of the Dungeon.
You worshipped Ashenzari.
Ashenzari was most pleased with you.
You visited 2 branches of the dungeon, and saw 14 of its levels.

You collected 814 gold pieces.
You spent 614 gold pieces at shops.

Inventory:

Hand Weapons
 a - a +3 hand crossbow
 b - a +3 rapier of venom (weapon)
Missiles
 d - 5 bolts
 f - 7 curare-tipped darts (quivered)
 o - 6 throwing nets
 w - 43 poisoned darts
Armour
 e - the cursed +2 pair of gloves "Harvest Moon of the Sky" (worn) {Melee, Alch}
   (You bought it in a shop on level 3 of the Dungeon)

   It has a curse which improves the following skills: Melee Combat: Short
   Blades, Long Blades, Axes, Maces & Flails, Polearms, Staves and Unarmed
   Combat.
   Alchemy:   Poison Magic and Transmutations.
 k - the cursed +0 pair of boots of Panopticon (worn) {Evo, Cun}
   (You found it on level 2 of the Dungeon)

   It has a curse which improves the following skills: Evocations: Evocations.
   Cunning:   Dodging and Stealth.
 x - a +0 helmet (worn)
 B - the cursed +2 leather armour of Ashenzari's Vision (worn) {Contam rC+++ rCorr Str+4, Melee, Self}
   (You bought it in a shop on level 10 of the Dungeon)

   Str:       It affects your strength (+4).
   rC:        It renders you almost immune to cold.
   Contam:    It causes magical contamination when unequipped.
   rCorr:     It protects you from acid and corrosion.
   It has a curse which improves the following skills: Melee Combat: Short
   Blades, Long Blades, Axes, Maces & Flails, Polearms, Staves and Unarmed
   Combat.
   Introspection: Fighting and Spellcasting.
Jewellery
 l - the cursed ring "Ruined Fetters" (right hand) {Will+, Evo, Range}
   (You found it on level 2 of the Dungeon)

   [ring of willpower]

   Will:      It increases your willpower.
   It has a curse which improves the following skills: Evocations: Evocations.
   Ranged Combat: Slings, Bows, Crossbows and Throwing.
 q - the cursed ring of Supernal Wisdom (left hand) {rCorr, Range, Fort}
   (You found it on level 6 of the Dungeon)

   [ring of resist corrosion]

   rCorr:     It protects you from acid and corrosion.
   It has a curse which improves the following skills: Ranged Combat: Slings,
   Bows, Crossbows and Throwing.
   Fortitude: Armour and Shields.
 r - a ring of protection from fire
 A - a ring of fire
 C - an amulet of magic regeneration
 E - a ring of willpower
Wands
 u - a wand of digging (5)
Scrolls
 g - 3 scrolls of enchant armour
 m - 4 scrolls of identify
 n - 2 scrolls of amnesia
 v - a scroll of holy word
 D - a scroll of enchant weapon
Potions
 c - 2 potions of might
 h - 5 potions of flight
 p - 4 potions of brilliance
 t - a potion of magic


   Skills:
 - Level 5.0(6.5) Fighting
 - Level 9.2(11.7) Crossbows
 + Level 10.2(11.8) Armour
 + Level 11.8(13.4) Dodging
 - Level 11.6(13.2) Stealth
 + Level 12.0(14.4) Evocations


You had 11 spell levels left.
You didn't know any spells.
Your spell library contained the following spells:

 Spells                   Type           Power      Damage    Failure   Level
 Blink                    Tloc           0%         N/A       52%         2
 Lesser Beckoning         Tloc           0%         N/A       75%         3
 Stone Arrow              Conj/Erth      0%         3d7       75%         3
 Animate Armour           Summ/Erth      0%         N/A       98%         4
 Fulminant Prism          Conj/Hex       0%         3d6       98%         4
 Iskenderun's Mystic Bla  Conj/Tloc      0%         2d3       98%         4
 Summon Lightning Spire   Summ/Air       0%         N/A       98%         4
 Lee's Rapid Deconstruct  Erth           0%         3d5*      100%        5
 Manifold Assault         Tloc           0%         N/A       100%        5
 Storm Form               Tmut/Air       0%         N/A       100%        7
 Lehudib's Crystal Spear  Conj/Erth      0%         10d2      100%        8
 Maxwell's Capacitive Co  Air            0%         ∞         100%        8


Dungeon Overview and Level Annotations

Branches:
Dungeon (12/15)            Temple (0/1) D:5            Lair (2/6) D:11
  Swamp (0/4) Lair:2
  Snake: Lair:2-4    Spider: Lair:2-4       Orc: D:9-12

Altars:
Ashenzari
Elyvilon
Fedhas
Gozag
Hepliaklqana
Kikubaaqudgha
Makhleb
Ru
Vehumet
Yredelemnul

Shops:
D:3 ([(=   D:10 =:[*

Annotations:
D:11 exclusion: oklob plant
D:12 Kirke


Innate Abilities, Weirdness & Mutations

You are resistant to damage.
You can heal yourself by infusing magical energy.
You passively map the area around you.
You do not regenerate.
You are dopey. (Int -2)


Message History

You hit the manticore but do no damage.
The manticore is almost dead.
The manticore bites you.
The manticore claws you but does no damage. x2
The helpless boulder beetle fails to defend itself.
You skewer the boulder beetle like a kebab!!!
You kill the boulder beetle!
The manticore is no longer moving slowly.
You kill the manticore!
Your base Evocations skill increases to level 12!
Your magical essence is drained by the effort!
You feel much better.
Unknown command.
d - a bolt
d - 2 bolts (gained 1)
d - 3 bolts (gained 1)
f - 7 curare-tipped darts (gained 2)
d - 5 bolts (gained 2)
You see here a +0 flail.
There are monsters nearby!
A gnoll sergeant comes into view. It is wielding a +0 spear.
The hog squeals angrily.
You hear an angry squeal. x2
The gnoll sergeant moves out of view.
The hog closely misses you.
A gnoll comes into view. It is wielding a +0 flail.
There is a stone staircase leading up here.
The hog bites you.
You climb upwards.
Level annotation: exclusion: oklob plant The death yak barely misses you.
The death yak gores you but does no damage.
There is a stone staircase leading down here.
Unknown command.
Unknown command.
You are too injured to fight recklessly!
Unknown command. 2 yaks come into view.
The death yak gores you but does no damage.
Okay, then.
Are you sure you want to abandon this character and quit the game? (Confirm with "yes".)

,, ....o.. , #### ,,......... , ,
#.?.####..$...........
#.....................
....................
###..................
#....h...............
###...YY...............
#.....@YY.............. *
#Y.......Y............. #
Y..........Y............ ### *
,..........$Y.......(##.# ..#
*,,Y......................# ..##
#######.................
...########.....................#
.............................#..#
..............................#..


You could see 7 death yaks, 3 yaks and a hog.

Vanquished Creatures
  Harold (D:11)
  A boulder beetle (D:12)
  A catoblepas (Lair:2)
  Erica (Lair:1)
  2 two-headed ogres
  Pikel (D:5)
  A bog body (Lair:2)
  2 manticores
  Joseph (D:7)
  3 elephants (Lair:2)
  A black mamba (Lair:2)
  2 cane toads
  A gargoyle (D:12)
  A kobold demonologist (D:8)
  A rime drake (Lair:2)
  3 komodo dragons
  A troll (D:9)
  2 polar bears (Lair:2)
  Grinder (D:6)
  Sigmund (D:6)
  A wraith (D:10)
  A vampire (D:12)
  14 yaks
  2 shadows (D:11)
  2 hogs (D:12)
  Eustachio (D:6)
  2 steam dragons
  A basilisk (Lair:1)
  Edmund (D:6)
  Menkaure (D:6)
  A swamp worm (Lair:2)
  An acid dragon (D:11)
  8 water moccasins
  Duvessa (D:6)
  5 orc warriors
  A sky beast (D:6)
  An ice beast (D:6)
  3 centaurs
  4 necrophages
  2 ogres (D:4)
  2 lemures (D:5)
  20 kobold brigands
  5 bullfrogs
  2 gnoll sergeants
  3 scorpions
  Dowan (D:6)
  A water moccasin skeleton (D:7)
  9 killer bees (D:8)
  7 wights (D:6)
  3 howler monkeys (D:10)
  A crimson imp (D:8)
  3 centaur zombies
  3 hounds
  3 bullfrog zombies
  9 jellies
  A gnoll shaman (D:8)
  7 orc priests
  A bullfrog skeleton (D:7)
  7 orc wizards
  3 iguanas
  Ijyb (D:5)
  2 hell rats
  A mummy (D:6)
  17 gnolls
  4 adders
  An adder skeleton (D:5)
  A worm (D:3)
  10 dart slugs
  32 orcs
  8 bats
  17 endoplasms
  2 giant cockroaches
  5 goblins
  9 hobgoblins
  5 jackals
  44 kobolds
  3 quokkas
  13 ball pythons
  4 frilled lizards
  3 hobgoblin zombies (D:6)
  An orc zombie (D:6)
  8 rats
363 creatures vanquished.

Vanquished Creatures (others)
  9 fungi (D:11)
  15 plants
24 creatures vanquished.

Grand Total: 387 creatures vanquished

Notes
Turn   | Place    | Note
-------+----------+-------------------------------------------
     0 | D:1      | spaghetti the Deep Dwarf Hunter began the quest for the
                  | Orb.
     0 | D:1      | Reached XP level 1. HP: 19/19 MP: 1/1
    65 | D:1      | Reached XP level 2. HP: 23/26 MP: 2/2
    71 | D:1      | Reached skill level 5 in Crossbows
   336 | D:1      | Reached XP level 3. HP: 28/32 MP: 3/3
  1164 | D:2      | Found a faded altar of an unknown god.
  1167 | D:2      | Prayed at the altar of an unknown god.
  1167 | D:2      | Became a worshipper of Ashenzari the Shackled
  1182 | D:2      | Reached XP level 4. HP: 31/39 MP: 4/4
  1733 | D:3      | Found a white marble altar of Elyvilon.
  1890 | D:3      | Found Tuicid's Jewellery Boutique.
  1952 | D:3      | Reached XP level 5. HP: 29/45 MP: 5/5
  2095 | D:3      | Gained mutation: You are dopey. (Int -2) [potion of
                  | mutation]
  2153 | D:3      | Found Xaotz's Weapon Shoppe.
  2214 | D:3      | Found Hocatit's Antique Armour Shoppe.
  2223 | D:3      | Bought a pair of runed gloves for 172 gold pieces
  2250 | D:3      | Found Zefin's Antique Weapon Shop.
  2427 | D:4      | Noticed an ogre
  2432 | D:4      | Killed an ogre
  2433 | D:4      | Reached skill level 5 in Stealth
  2433 | D:4      | Reached XP level 6. HP: 29/52 MP: 6/6
  2613 | D:4      | Found a sacrificial altar of Ru.
  2834 | D:4      | Reached * piety under Ashenzari
  2925 | D:4      | Reached XP level 7. HP: 22/58 MP: 7/7
  3203 | D:5      | Entered Level 5 of the Dungeon
  3577 | D:5      | Noticed Ijyb
  3584 | D:5      | Killed Ijyb
  3595 | D:5      | Reached XP level 8. HP: 43/66 MP: 8/8
  3605 | D:5      | Reached ** piety under Ashenzari
  3647 | D:5      | Noticed Pikel
  3668 | D:5      | Killed Pikel
  3669 | D:5      | Reached skill level 5 in Dodging
  3704 | D:5      | Found a staircase to the Ecumenical Temple.
  4073 | D:6      | Noticed Duvessa
  4074 | D:6      | Noticed Dowan
  4164 | D:6      | Noticed Edmund
  4171 | D:5      | Found a blossoming altar of Fedhas.
  4217 | D:6      | Noticed Sigmund
  4309 | D:6      | Killed Duvessa
  4322 | D:6      | Killed Dowan
  4323 | D:6      | Gained mutation: You passively map the area around you.
                  | [Deep Dwarf growth]
  4323 | D:6      | Reached XP level 9. HP: 29/74 MP: 9/9
  4396 | D:6      | Noticed Grinder
  4436 | D:7      | Reached skill level 10 in Stealth
  4459 | D:7      | Found a flagged portal.
  4476 | D:7      | Noticed Joseph
  4635 | D:6      | Found a hazy altar of Hepliaklqana.
  4658 | D:6      | Reached *** piety under Ashenzari
  4886 | D:6      | Killed Grinder
  4919 | D:6      | Killed Sigmund
  4986 | D:6      | Noticed Menkaure
  4988 | D:6      | Killed Menkaure
  5525 | D:6      | Killed Edmund
  6056 | D:6      | Noticed Eustachio
  6066 | D:6      | Killed Eustachio
  6154 | D:3      | Bought an obsidian-encrusted scale mail for 207 gold pieces
  6154 | D:3      | Identified the +3 scale mail of Dim Light {+Inv} (You
                  | bought it in a shop on level 3 of the Dungeon)
  6281 | D:6      | Reached skill level 1 in Evocations
  6329 | D:7      | Reached skill level 2 in Evocations
  6346 | D:7      | Reached skill level 3 in Evocations
  6425 | D:7      | Killed Joseph
  6426 | D:7      | Reached skill level 5 in Evocations
  6426 | D:7      | Reached XP level 10. HP: 30/80 MP: 10/10
  6546 | D:7      | Reached skill level 6 in Evocations
  6697 | D:7      | Reached skill level 1 in Armour
  7672 | D:8      | Found an ancient bone altar of Kikubaaqudgha.
  7864 | D:8      | Reached skill level 5 in Armour
  8259 | D:9      | Reached skill level 7 in Evocations
  8458 | D:9      | Found a basalt altar of Yredelemnul.
  8839 | D:9      | Noticed a two-headed ogre
  8846 | D:9      | Killed a two-headed ogre
  8847 | D:9      | Noticed a manticore
  8854 | D:9      | Killed a manticore
  8933 | D:9      | Found an opulent altar of Gozag.
  9158 | D:8      | Reached XP level 11. HP: 51/92 MP: 9/9
  9237 | D:8      | Reached skill level 8 in Evocations
  9635 | D:8      | Found a burning altar of Makhleb.
  9718 | D:10     | Entered Level 10 of the Dungeon
  9718 | D:10     | Found Vuutwuh's Antique Armour Boutique.
  9855 | D:10     | Bought a crude leather armour for 196 gold pieces
  9855 | D:10     | Identified the +2 leather armour of the Tarantula {Contam
                  | rC+++ rCorr Str+4} (You bought it in a shop on level 10 of
                  | the Dungeon)
  9859 | D:10     | Found Udiathaw's Book Boutique.
  9939 | D:10     | Found Qycreiq's Jewellery Shoppe.
  9992 | D:10     | Found Plog's General Store.
 10002 | D:10     | Bought a potion of curing for 39 gold pieces
 10037 | D:10     | Found a radiant altar of Vehumet.
 10062 | D:10     | Noticed a two-headed ogre
 10100 | D:11     | Noticed a death yak
 10245 | D:11     | Noticed Harold
 10249 | D:11     | Noticed a death yak
 10254 | D:11     | Killed Harold
 10256 | D:11     | Noticed a death yak
 10256 | D:11     | Noticed a death yak
 10256 | D:11     | Noticed a death yak
 10257 | D:11     | Noticed a death yak
 10257 | D:11     | Noticed a death yak
 10268 | D:11     | Noticed a death yak
 10372 | D:10     | Killed a two-headed ogre
 10373 | D:10     | Reached skill level 5 in Fighting
 10373 | D:10     | Reached skill level 9 in Evocations
 10446 | D:10     | Reached skill level 10 in Dodging
 10706 | D:11     | Noticed an oklob plant
 10983 | D:11     | Found a staircase to the Lair.
 11011 | Lair:1   | Entered Level 1 of the Lair of Beasts
 11033 | Lair:1   | Noticed Erica
 11041 | Lair:1   | Killed Erica
 11042 | Lair:1   | Reached skill level 10 in Evocations
 11201 | Lair:2   | Noticed a catoblepas
 11328 | Lair:2   | Killed a catoblepas
 11400 | Lair:2   | Reached XP level 12. HP: 43/106 MP: 9/9
 11519 | Lair:2   | Reached skill level 11 in Evocations
 12008 | D:12     | Noticed Kirke
 12025 | D:12     | Noticed a boulder beetle
 12051 | D:12     | Reached skill level 10 in Armour
 12084 | D:12     | Killed a boulder beetle
 12085 | D:12     | Reached skill level 12 in Evocations
 12119 | D:11     | Quit the game

Illustrated notes

Levels and vault maps discovered:
D:1:      dpeg_arrival_orchard, layout_basic, minmay_tall_x
D:2:      layout_loops_ring, hellmonk_ecumenical_altar_inner_sanctum,
          minmay_pentomino_s4
D:3:      layout_basic, elyvilon_altar_1, serial_shops, nicolae_shop_trees,
          nicolae_shop_hallway_plus, shop_statue, nicolae_shop_hallway_plus
D:4:      layout_basic, nicolae_ru_sacrificial_ziggurat, serial_glass,
          glass_columns_c, glass_columns_c, glass_columns_c, glass_columns_b,
          glass_columns_a, glass_columns_b, glass_columns_b, glass_columns_a,
          grunt_ministairs_14, grunt_decor_fettered
D:5:      layout_loops_ring, nicolae_overflow_hidden_temple,
          minmay_temple_entry_nine_rooms, hangedman_decor_opposing,
          lexackson_kobold_supper, uniq_pikel, uniq_ijyb
D:6:      layout_loops_cross, worldfamousw_hep_ancestral_shrine,
          solitary_fountain, minmay_mini_ossuary, uniq_edmund, uniq_menkaure,
          uniq_eustachio, uniq_grinder, uniq_duvessa, uniq_sigmund
D:7:      layout_rooms, enter_bailey_6, uniq_joseph
D:8:      layout_loops_ring, makhleb_grotto_becter,
          nicolae_kikubaaqudgha_miasma_corner, special_room
          [special_room_kobold]
D:9:      layout_basic, general_overflow_altar, mainiacjoe_overflow_brackets,
          minivault_19, hangedman_decor_clover_reticule
D:10:     layout_cave_pools, nicolae_vehumet_altar_sigil, serial_shops, shop,
          kennysheep_mini_moat, nicolae_stop_n_shop_2, nicolae_stop_n_shop_1,
          minmay_misc_feat_tiny
D:11:     lemuel_slime, layout_cross, dpeg_lair_monsters, uniq_harold
D:12:     layout_rooms, zombieorc2_lemuel, portal_ice_cave_entry_pillars_2,
          uniq_kirke, uniq_psyche
Lair:1:   layout_hall_layers, serial_bayou_ford_a, serial_bayou_pond_d,
          uniq_erica
Lair:2:   layout_misc_corridors, nicolae_swamp_entry_splash_gauntlet,
          serial_rivers, chequers_serial_rivers_large_a,
          chequers_serial_rivers_micro_d, chequers_serial_rivers_small_3,
          chequers_serial_rivers_micro_a

Skill      XL: |  1  2  3  4  5  6  7  8  9 10 11 12 |
---------------+-------------------------------------+-----
Crossbows      | 5 6 7 8 9 |  9.2
Stealth        | 3 4 5 6 7 9 11 | 11.6
Dodging        | 3 4 6 8 9 10 11 | 11.8
Evocations     | 5 7 10 12 | 12.0
Fighting       | 4 5 |  5.0
Armour         | 6 9 10 | 10.2

Action                   |  1- 3 |  4- 6 |  7- 9 | 10-12 || total
-------------------------+-------+-------+-------+-------++-------
Melee: Whip              |     7 |    11 |       |       ||    18
       Hand crossbow     |       |       |     2 |       ||     2
       Rapier            |       |       |    29 |   261 ||   290
       Punch             |       |       |       |     5 ||     5
 Fire: Hand crossbow     |    99 |   128 |   304 |   470 ||  1001
Throw: Dart              |       |       |     2 |    12 ||    14
       Throwing net      |       |       |     1 |     2 ||     3
Invok: Curse Item        |       |     2 |     3 |     2 ||     7
       Shatter the Chain |       |       |     1 |     1 ||     2
 Abil: Heal Wounds       |       |       |    10 |    24 ||    34
Evoke: Wand              |       |       |     5 |    24 ||    29
  Use: Scroll            |     3 |     2 |     2 |     8 ||    15
       Potion            |       |     3 |     4 |     8 ||    15
 Stab: Paralysed         |       |       |       |     3 ||     3
Armor: Leather armour    |     7 |    19 |    36 |    70 ||   132
       Scale mail        |       |       |    14 |    91 ||   105
Dodge: Dodged            |    23 |    39 |   153 |   408 ||   623
